 Dungeon Crawl Stone Soup version 0.28-a0-802-g09f76e8c00 (webtiles) character file.

Game seed: 4324937481221130236

3801 sizableburger the Magician (level 9, 0/64 HPs)
             Began as a Mummy Earth Elementalist on Nov 5, 2021.
             Was a Believer of Sif Muna.
             Slain by a two-headed ogre (3 damage)
             ... on level 8 of the Dungeon on Nov 6, 2021.
             The game lasted 00:36:01 (10289 turns).

sizableburger the Magician (MuEE)                  Turns: 10289, Time: 00:36:01

Health: 0/64       AC: 13    Str: 11    XL:     9   Next: 96%
Magic:  9/20       EV: 11    Int: 18    God:    Sif Muna [**....]
Gold:   527        SH:  0    Dex: 12    Spells: 6/22 levels left

rFire   x . .      SeeInvis +   s - staff of earth
rCold   + . .      Faith    .   (no shield)
rNeg    + + +      Spirit   .   q - +3 leather armour "Leanno" {Fly rPois Regen+}
rPois   ∞          Reflect  .   (no helmet)
rElec   .          Harm     .   v - +2 cloak
rCorr   .          Rampage  .   j - +2 pair of gloves
Will    +....                   d - +0 pair of boots
Stlth   +.........              (no amulet)
HPRegen 1.20/turn               e - +4 ring of slaying
MPRegen 0.17/turn               l - ring of see invisible

@: flying
A: cold resistance 1, negative energy resistance 3, torment resistance 2, heat
vulnerability 1, no potions
a: Renounce Religion, Channel Magic


You were on level 8 of the Dungeon.
You worshipped Sif Muna.
Sif Muna was pleased with you.
You visited 1 branch of the dungeon, and saw 9 of its levels.

You collected 527 gold pieces.

Inventory:

Hand Weapons
 a - a +4 dagger of draining
 t - a +4 quarterstaff of chaos
Missiles
 c - 196 stones
 n - a curare-tipped dart
 p - a throwing net
Armour
 d - a +0 pair of boots (worn)
 j - a +2 pair of gloves (worn)
 q - the +3 leather armour "Leanno" (worn) {Fly rPois Regen+}
   (You found it on level 5 of the Dungeon)

   rPois:     It protects you from poison.
   Fly:       It grants you flight.
   Regen:     It increases your rate of health regeneration.
 r - +0 steam dragon scales
 v - a +2 cloak (worn)
Magical Staves
 s - a staff of earth (weapon)
Jewellery
 e - a +4 ring of slaying (left hand)
 l - a ring of see invisible (right hand)
 y - an amulet of guardian spirit
Wands
 b - a wand of iceblast (8)
 k - a wand of paralysis (6)
 w - a wand of flame (30)
Scrolls
 g - 2 scrolls of immolation
 h - 2 scrolls of noise
 i - a scroll of vulnerability
 m - 3 scrolls of amnesia
 o - 3 scrolls of teleportation
 x - 3 scrolls of identify


   Skills:
 - Level 3.3 Fighting
 - Level 1.2 Short Blades
 + Level 3.4 Staves
 - Level 1.1 Armour
 - Level 1.5 Dodging
 - Level 1.5 Stealth
 - Level 7.4 Spellcasting
 - Level 4.4 Conjurations
 + Level 3.1 Summonings
 + Level 3.8 Transmutations
 + Level 3.1 Ice Magic
 - Level 5.0 Earth Magic
 + Level 3.6 Invocations


You had 6 spell levels left.
You knew the following spells:

 Your Spells              Type           Power      Damage    Failure   Level
a - Sandblast             Erth           74%        2d16      1%          1
b - Passwall              Tmut/Erth      27%        N/A       3%          2
c - Stone Arrow           Conj/Erth      70%        3d11      6%          3
d - Petrify               Tmut/Erth      33%        N/A       22%         4
e - Static Discharge      Conj/Air       14%        N/A       9%          2
f - Summon Ice Beast      Ice/Summ       18%        N/A       36%         4

Your spell library contained the following spells:

 Spells                   Type           Power      Damage    Failure   Level
 Foxfire                  Conj/Fire      56%        2x1d6     5%          1
 Frozen Ramparts          Ice            34%        1d5       12%         3
 Cause Fear               Hex            3%         N/A       80%         4
 Lightning Bolt           Conj/Air       7%         1d19      83%         5
 Summon Hydra             Summ           9%         N/A       100%        7
 Ignition                 Fire           3%         3d4       100%        8
 Maxwell's Capacitive Co  Air            3%         ∞         100%        8
 Dragon's Call            Summ           9%         N/A       100%        9
 Wereblood                Tmut           Unusable   N/A       N/A         2
 Sublimation of Blood     Necr           Unusable   N/A       N/A         2
 Ice Form                 Ice/Tmut       Unusable   N/A       N/A         4
 Dragon Form              Tmut           Unusable   N/A       N/A         7

Dungeon Overview and Level Annotations

Branches:
Dungeon (9/15)             Temple (0/1) D:6            Lair (0/6) D:8
    Orc: D:9-12

Altars:
Dithmenos
Elyvilon
Gozag
Kikubaaqudgha
Sif Muna
Trog
Vehumet
Wu Jian

Annotations:
D:5 2 transporters, AlleluiaPinecone's ghost, amateur GnWn


Innate Abilities, Weirdness & Mutations

You are immune to poison.
Your flesh is cold resistant. (rC+)
You are immune to negative energy. (rN+++)
You are immune to unholy pain and torment.
You are vulnerable to heat. (rF-)
You do not drink.


Message History

You feel a surge of power!
The two-headed ogre is moving more slowly.
The orc barely misses you. The two-headed ogre closely misses you.
The two-headed ogre hits you but does no damage.
Casting: Petrify (dangerous; 22% risk of failure)
Confirm with . or Enter, or press ? or * to list all spells.
Aiming: Petrify (dangerous; 22% risk of failure)
Press: ? - help, Shift-Dir - straight line, f/p - two-headed ogre
Aim: a two-headed ogre, wielding a +0 giant club and a +0 giant spiked club (petrifying slowly, chance to affect: 44%)
You feel a surge of power!
Nothing appears to happen.
The orc hits you with a +0 whip.
Unknown command.
You completely miss the orc. The orc completely misses you.
You hit the orc!
You kill the orc!
Sif Muna accepts your kill.
The two-headed ogre is no longer petrified.
Items here: ))))))) [[[ †††††.
Okay, then.
Casting: Petrify (dangerous; 22% risk of failure)
Confirm with . or Enter, or press ? or * to list all spells.
Aiming: Petrify (dangerous; 22% risk of failure)
Press: ? - help, Shift-Dir - straight line, f/p - two-headed ogre
Aim: a two-headed ogre, wielding a +0 giant club and a +0 giant spiked club (chance to affect: 44%)
You feel a surge of power!
The two-headed ogre resists with some effort.
The two-headed ogre hits you with a +0 giant club!!
* * * LOW HITPOINT WARNING * * *
The two-headed ogre hits you with a +0 giant spiked club!
* * * LOW HITPOINT WARNING * * *
Okay, then.
Okay, then.
Okay, then.
Okay, then.
Aiming: Paralyse
Press: ? - help, Shift-Dir - straight line, f/p - two-headed ogre
Aim: a two-headed ogre, wielding a +0 giant club and a +0 giant spiked club (chance to affect: 28%)
The two-headed ogre easily resists.
The two-headed ogre barely misses you.
The two-headed ogre hits you with a +0 giant spiked club.
You die...

############.#.####.# #.#.####.#
#........# ###)###### ####### #>#
≈.....# #)# ......# #.# ########
...≈..# #####O# #......#
≈)≈≈..######...#@## #.####.#
≈≈.≈..............#######.####.#
≈≈≈....####.................##.#
≈)..≈.#####.#.#...#######.#.##.##
≈≈≈)..#.......#..## #.#.#...#
≈.≈≈..#.###.###..# #.#.....#
≈≈....#.# #......# #.......#
≈≈.≈..#.###.####'## ######.##
≈≈..........###...## #.#


You could see a two-headed ogre.

Vanquished Creatures
  A two-headed ogre (D:8)
  A troll (D:8)
  A human (shapeshifter) (D:8)
  A steam dragon (D:6)
  2 hornet zombies
  3 orc warriors (D:8)
  2 sky beasts
  A black bear (D:6)
  2 wolves (D:7)
  2 ogres
  A centaur (D:6)
  A phantom (D:6)
  2 kobold brigands
  A water moccasin zombie (D:5)
  5 wights (D:9)
  2 electric eels (D:8)
  2 bullfrog zombies (D:6)
  2 centaur zombies
  4 hounds
  2 gnoll shamans
  4 orc priests
  Crazy Yiuf (D:6)
  2 iguanas
  8 orc wizards
  A killer bee zombie (D:7)
  A hound skeleton (D:4)
  9 adders
  9 gnolls
  2 worms
  3 dart slugs
  26 orcs
  5 ball pythons
  11 endoplasms
  6 giant cockroaches
  11 goblins
  13 hobgoblins
  6 jackals
  3 quokkas
  5 bats
  A frilled lizard (D:1)
  15 kobolds
  6 rats
186 creatures vanquished.

Vanquished Creatures (others)
  2 fungi (D:1)
  7 plants
9 creatures vanquished.

Grand Total: 195 creatures vanquished

Notes
Turn   | Place    | Note
-------+----------+-------------------------------------------
     0 | D:1      | sizableburger the Mummy Earth Elementalist began the quest
                  | for the Orb.
     0 | D:1      | Reached XP level 1. HP: 13/13 MP: 4/4
   248 | D:1      | Reached skill level 3 in Spellcasting
   271 | D:1      | Reached XP level 2. HP: 20/20 MP: 6/6
   299 | D:1      | Upgraded the game from 0.28-a0-794-gafe8c5f9e9 to
                  | 0.28-a0-802-g09f76e8c00
   499 | D:1      | Reached skill level 1 in Fighting
   549 | D:1      | Found a faded altar of an unknown god.
  1082 | D:1      | Reached XP level 3. HP: 15/26 MP: 4/7
  1262 | D:1      | Learned a level 2 spell: Passwall
  1266 | D:1      | Learned a level 3 spell: Stone Arrow
  2250 | D:2      | Reached XP level 4. HP: 26/33 MP: 9/9
  3115 | D:3      | Reached skill level 1 in Conjurations
  3191 | D:3      | Found a bloodstained altar of Trog.
  3209 | D:3      | Reached skill level 4 in Spellcasting
  3220 | D:3      | Found a shimmering blue altar of Sif Muna.
  3233 | D:3      | Became a worshipper of Sif Muna the Loreminder
  3403 | D:4      | Reached XP level 5. HP: 38/38 MP: 8/11
  3751 | D:4      | Found a shadowy altar of Dithmenos.
  3899 | D:4      | Noticed an ogre
  4050 | D:4      | Killed an ogre
  4051 | D:4      | Reached XP level 6. HP: 46/46 MP: 5/13
  4335 | D:4      | Found an ornate altar of the Wu Jian Council.
  4640 | D:5      | Entered Level 5 of the Dungeon
  4927 | D:5      | Reached skill level 5 in Spellcasting
  5160 | D:5      | Identified the +3 leather armour "Leanno" {Fly rPois
                  | Regen+}
  5287 | D:5      | Reached XP level 7. HP: 46/52 MP: 2/14
  5485 | D:5      | Identified the +0 buckler of Defiance {rN+ Stlth+}
  5487 | D:5      | Identified the amulet "Dutyr" {Acrobat Regen+}
  5498 | D:5      | Noticed AlleluiaPinecone's ghost (amateur GnWn)
  5509 | D:5      | Found a transporter.
  5518 | D:5      | Found a transporter.
  5552 | D:5      | Reached skill level 1 in Armour
  5627 | D:6      | Noticed a steam dragon
  5646 | D:6      | Killed a steam dragon
  5647 | D:6      | Reached skill level 1 in Short Blades
  5892 | D:6      | Reached skill level 6 in Spellcasting
  5961 | D:5      | Reached * piety under Sif Muna
  6011 | D:6      | Found an opulent altar of Gozag.
  6038 | D:6      | Reached XP level 8. HP: 58/58 MP: 6/17
  6038 | D:6      | Found a staircase to the Ecumenical Temple.
  6286 | D:6      | Reached skill level 7 in Spellcasting
  6286 | D:6      | Reached skill level 5 in Earth Magic
  6328 | D:6      | Reached skill level 1 in Transmutations
  6881 | D:6      | Found a runed translucent door.
  6882 | D:6      | Noticed Crazy Yiuf
  7197 | D:6      | Identified a scroll of acquirement
  7197 | D:6      | Acquired a staff of earth
  7202 | D:6      | Killed Crazy Yiuf
  7560 | D:7      | Found a radiant altar of Vehumet.
  7773 | D:7      | Noticed a cyclops
  7822 | D:7      | Learned a level 4 spell: Petrify
  7825 | D:7      | Learned a level 2 spell: Static Discharge
  8035 | D:8      | Reached skill level 1 in Staves
  8066 | D:8      | Learned a level 4 spell: Summon Ice Beast
  8066 | D:8      | Noticed a troll
  8073 | D:8      | Killed a troll
  8074 | D:8      | Reached skill level 1 in Invocations
  8080 | D:8      | Reached skill level 1 in Summonings
  8080 | D:8      | Reached skill level 1 in Ice Magic
  8093 | D:7      | Reached XP level 9. HP: 33/64 MP: 5/20
  8413 | D:8      | Found an ancient bone altar of Kikubaaqudgha.
  8484 | D:8      | Found a staircase to the Lair.
  8607 | D:8      | Noticed a two-headed ogre
  8662 | D:8      | Killed a two-headed ogre
  8806 | D:8      | Got the Collected Works on the Arsonist and Snow
 10111 | D:9      | Reached ** piety under Sif Muna
 10266 | D:9      | Noticed a two-headed ogre
 10287 | D:8      | HP: 1/64 [two-headed ogre (8)]
 10289 | D:8      | Slain by a two-headed ogre

Illustrated notes

Levels and vault maps discovered:
D:1:      dpeg_arrival_three_same_balls, layout_basic,
          dreamdust_ecumenical_altar_hidden_monk_grotto, minmay_pentomino_z4
D:2:      layout_basic, fountainhead
D:3:      layout_rooms, lemuel_crystal_altar, lemuel_coloured_pillars_altar,
          mainiacjoe_overflow_chevrons
D:4:      layout_loops_ring, grunt_dithmenos_smoke_and_mirrors,
          nzn_wu_jian_contemplation, st_stairs_14, minivault_19
D:5:      layout_rooms, gammafunk_ghost_gnarly_gnolls, serial_rivers,
          chequers_serial_rivers_micro_c, chequers_serial_rivers_micro_e,
          chequers_serial_rivers_micro_a, chequers_serial_rivers_micro_d
D:6:      layout_layer_cave, grunt_gozag_statues,
          minmay_temple_entry_glassed_door, uniq_crazy_yiuf_cottage
D:7:      layout_basic, nicolae_overflow_crystal_walls
D:8:      minmay_goldmine, layout_loops_corners,
          nicolae_kikubaaqudgha_miasma_corner, erik_lair_island
D:9:      layout_basic, hiddenorc2_lemuel

Skill      XL: |  1  2  3  4  5  6  7  8  9 |
---------------+----------------------------+-----
Spellcasting   | 3 4 5 6 7 |  7.4
Fighting       | 1 2 3 |  3.3
Earth Magic    | 3 4 5 |  5.0
Conjurations   | 1 2 3 4 |  4.4
Armour         | 1 |  1.1
Short Blades   | 1 |  1.2
Transmutations | 2 3 |  3.8
Staves         | 1 3 |  3.4
Invocations    | 1 3 |  3.6
Summonings     | 1 3 |  3.1
Ice Magic      | 1 3 |  3.1
Dodging        | |  1.5
Stealth        | |  1.5

Action                   |  1- 3 |  4- 6 |  7- 9 || total
-------------------------+-------+-------+-------++-------
Melee: Dagger            |    77 |    78 |    29 ||   184
       Staff             |       |       |    75 ||    75
 Cast: Sandblast         |    20 |    64 |    93 ||   177
       Stone Arrow       |       |    14 |    50 ||    64
       Passwall          |       |     2 |     5 ||     7
       Petrify           |       |       |     3 ||     3
Evoke: Wand              |       |       |     1 ||     1
  Use: Scroll            |       |    12 |     6 ||    18
 Stab: Sleeping          |     7 |     2 |       ||     9
Armor: Robe              |    18 |    21 |       ||    39
       Leather armour    |       |    23 |    81 ||   104
Dodge: Dodged            |    50 |    57 |   114 ||   221

Table legend: (Time is in decaauts)
 A = Elapsed time spent in this place.
 B = Non-inter-level travel time spent in this place.
 C = Inter-level travel time spent in this place.
 D = Time resting spent in this place.
 E = Time spent auto-exploring this place.
 F = Levels seen in this place.
 G = Mean time per level.
                   A        B        C        D        E       F      G
               +--------+--------+--------+--------+--------+-----+--------+
         Total |  10296 |   9937 |    359 |   2156 |   5936 |   9 | 1144.0 |
       Dungeon |  10296 |   9937 |    359 |   2156 |   5936 |   9 | 1144.0 |
               +--------+--------+--------+--------+--------+-----+--------+

Top non-repeatable levels by time:
     D:8: 1966 daAuts
     D:6: 1649 daAuts
     D:1: 1534 daAuts
     D:4: 1274 daAuts
     D:2: 1117 daAuts
     D:5: 1089 daAuts
     D:3: 709 daAuts
     D:7: 673 daAuts
     D:9: 282 daAuts
